 Dungeon Crawl Stone Soup version 0.28.0-43-g3370ac3207 (webtiles) character file.

Game seed: 11546766512959700164

30 croobank the Firebug (level 3, -3/26 HPs)
             Began as a Draconian Fire Elementalist on Mar 4, 2022.
             Slain by Terence
             ... wielding a +0 hand axe
              (8 damage)
             ... on level 2 of the Dungeon.
             The game lasted 00:03:08 (1383 turns).

croobank the Firebug (Draconian Fire Elementalist)  Turns: 1383, Time: 00:03:10

Health: -3/26      AC:  5    Str: 10    XL:     3   Next: 3%
Magic:  0/6        EV: 12    Int: 17    God:
Gold:   55         SH:  0    Dex: 11    Spells: 3/6 levels left

rFire   . . .      SeeInvis .   d - +0 dagger
rCold   . . .      Faith    .   (no shield)
rNeg    . . .      Spirit   .   (armour unavailable)
rPois   .          Reflect  .   (helmet restricted)
rElec   .          Harm     .   (no cloak)
rCorr   .          Rampage  .   (no gloves)
Will    .....                   (no boots)
Stlth   ++........              (no amulet)
HPRegen 0.08/turn               (no ring)
MPRegen 0.10/turn               (no ring)

@: no status effects
A: AC +5, unfitting armour, cold-blooded
a: no special abilities


You were on level 2 of the Dungeon.
You visited 1 branch of the dungeon, and saw 2 of its levels.

You collected 55 gold pieces.

Inventory:

Hand Weapons
 d - a +0 dagger (weapon)
Missiles
 a - 31 stones
 c - 14 bolts
 e - 18 sling bullets
 f - 17 arrows
Potions
 b - a potion of degeneration {unknown}


   Skills:
 + Level 2.1 Dodging
 + Level 2.2 Stealth
 + Level 2.2 Spellcasting
 + Level 1.5 Conjurations
 + Level 3.2 Fire Magic


You had 3 spell levels left.
You knew the following spells:

 Your Spells              Type           Power      Damage    Failure   Level
a - Foxfire               Conj/Fire      40%        2x1d6     7%          1
b - Scorch                Fire           26%        2d6       8%          2

Your spell library contained the following spells:

 Spells                   Type           Power      Damage    Failure   Level
 Sandblast                Erth           2%         2d4       19%         1
 Conjure Flame            Conj/Fire      10%        6-21      22%         3
 Passwall                 Tmut/Erth      0%         N/A       28%         2
 Inner Flame              Hex/Fire       7%         N/A       28%         3
 Stone Arrow              Conj/Erth      8%         3d7       38%         3
 Flame Wave               Conj/Fire      10%        2d5       56%         4


Dungeon Overview and Level Annotations

Branches:
Dungeon (2/15)

Altars:

Shops:
D:1 !

Annotations:
D:2 Terence


Innate Abilities, Weirdness & Mutations

Your plain brown scales are hard. (AC +5)
You cannot fit into any form of body armour.
You are cold-blooded and may be slowed by cold attacks.


Message History

Casting: Foxfire (safe; 7% risk of failure)
Confirm with . or Enter, or press ? or * to list all spells.
Flames lash Terence.
Terence is almost dead.
Terence's fire resistance burns away.
The ball python closely misses you. The ball python barely misses you.
Terence says, "You're history."
Terence hits you with a +0 hand axe.
Casting: Scorch (safe; 8% risk of failure)
Confirm with . or Enter, or press ? or * to list all spells.
You don't have enough magic to cast this spell.
Unknown command.
Casting: Scorch (safe; 8% risk of failure)
Confirm with . or Enter, or press ? or * to list all spells.
You don't have enough magic to cast this spell.
You hit Terence but do no damage.
Terence is almost dead.
The ball python barely misses you. The ball python closely misses you.
Terence hits you with a +0 hand axe. The ball python bites you.
The ball python closely misses you.
You barely miss Terence.
Terence is almost dead.
Terence hits you with a +0 hand axe. The ball python bites you.
The ball python grabs you. The ball python constricts you.
You hit Terence but do no damage.
Terence is almost dead.
Terence closely misses you. The ball python closely misses you.
The ball python constricts you.
You barely miss Terence.
Terence is almost dead.
The ball python barely misses you. The ball python constricts you.
Terence hits you with a +0 hand axe.
* * * LOW HITPOINT WARNING * * *
Casting: Scorch (safe; 8% risk of failure)
Confirm with . or Enter, or press ? or * to list all spells.
Flames lash the ball python.
You kill the ball python!
Terence is no longer more vulnerable to fire.
Terence hits you with a +0 hand axe!
You die...

########### #.........#
#.........#
########.........# ####
.......@.........####...
........@........'..'...
..............†..####...
.................# #...
..............##########
....................# #
###########.........# #
#...†.....# #
#.##......# #


You could see Terence.

Vanquished Creatures
  A worm (D:2)
  An endoplasm (D:1)
  3 goblins
  5 hobgoblins
  3 jackals (D:1)
  A quokka (D:2)
  2 ball pythons
  3 bats
  A frilled lizard (D:1)
  2 kobolds (D:1)
  3 rats (D:1)
25 creatures vanquished.

Vanquished Creatures (others)
  68 foxfires
68 creatures vanquished.

Grand Total: 93 creatures vanquished

Notes
Turn   | Place    | Note
-------+----------+-------------------------------------------
     0 | D:1      | croobank the Draconian Fire Elementalist began the quest
                  | for the Orb.
     0 | D:1      | Reached XP level 1. HP: 14/14 MP: 3/3
   453 | D:1      | Found Lufigiurph's Distillery.
   457 | D:1      | Reached XP level 2. HP: 20/20 MP: 3/5
   943 | D:2      | HP: 1/20 [worm (3)]
  1254 | D:2      | Learned a level 2 spell: Scorch
  1322 | D:2      | Noticed Terence
  1328 | D:2      | Reached XP level 3. HP: 26/26 MP: 4/6
  1383 | D:2      | Slain by Terence

Illustrated notes

Levels and vault maps discovered:
D:1:      lemuel_arrival_rhombus, layout_basic, serial_shops, shop
D:2:      cheibrodos_helix_gallery, layout_basic, basic_altar,
          minmay_pentomino_v2, uniq_terence

Skill      XL: |  1  2 |
---------------+-------+-----
Stealth        | 2 |  2.2
Dodging        | 2 |  2.1
Spellcasting   | |  2.2
Conjurations   | |  1.5
Fire Magic     | |  3.2

Action                   || total
-------------------------++-------
Melee: Dagger            ||    21
       Unarmed           ||     1
       Tailslap          ||     4
       Punch             ||     1
 Cast: Foxfire           ||    36
       Scorch            ||     2
Armor: Skin              ||     6
Dodge: Dodged            ||    23
